 Dungeon Crawl Stone Soup version 0.19-a0-583-g665d810 (webtiles) character file.

398 TheGoonsmith the Shield-Bearer (level 7, -4/52 HPs)
             Began as a Formicid Fighter on June 9, 2016.
             Slain by Menkaure (14 damage)
             ... on level 4 of the Dungeon.
             The game lasted 00:03:31 (2907 turns).

TheGoonsmith the Shield-Bearer (Formicid Fighter)   Turns: 2907, Time: 00:03:31

Health: -4/52      AC: 12    Str: 26    XL:     7   Next: 10%
Magic:  7/7        EV:  6    Int:  7    God:
Gold:   171        SH: 11    Dex: 12    Spells: 0 memorised, 6 levels left

rFire  . . .     SeeInvis +     a - +0 war axe
rCold  . . .     Gourm    .     h - +0 plate armour {rPois}
rNeg   . . .     Faith    .     c - +0 shield
rPois  +         Spirit   .     (helmet unavailable)
rElec  .         Dismiss  .     (no cloak)
rCorr  .         Reflect  .     (no gloves)
SustAt .         Harm     .     j - +0 pair of boots
MR     .....                    (no amulet)
Stlth  ..........               (no ring)
                                (no ring)

@: mighty, not resistant to hostile enchantments, extremely unstealthy
A: permanent stasis, dig shafts and tunnels, four strong arms, antennae 3
a: Dig, Shaft Self


You were on level 4 of the Dungeon.
You were not hungry.

You visited 1 branch of the dungeon, and saw 4 of its levels.

You collected 171 gold pieces.

Inventory:

Hand Weapons
 a - a +0 war axe (weapon)
Armour
 b - a +0 scale mail
 c - a +0 shield (worn)
 h - a +0 plate armour of poison resistance (worn)
 j - a +0 pair of boots (worn)
Jewellery
 e - a +3 ring of strength {unknown}
 r - a +4 ring of intelligence {unknown}
Wands
 y - a wand of acid (11/15)
Scrolls
 i - a scroll of random uselessness {unknown}
 m - 2 scrolls of recharging {unknown}
 n - a scroll of magic mapping {unknown}
 p - 4 scrolls of teleportation {unknown}
 q - a scroll of fear {unknown}
 s - a scroll of amnesia {unknown}
 v - a scroll of identify {unknown}
 x - a scroll of remove curse {unknown}
 z - a scroll of blinking {unknown}
Potions
 g - 2 potions of degeneration {unknown}
 l - 2 potions of curing {unknown}
 t - a potion of haste {unknown}
Comestibles
 f - 3 bread rations
 k - a fruit
 o - a slice of pizza
 u - a beef jerky


   Skills:
 - Level 3.2 Fighting
 * Level 5.8 Axes
 - Level 3.2 Armour
 + Level 5.9 Shields


You had 6 spell levels left.
You didn't know any spells.

Dungeon Overview and Level Annotations

Branches:
Dungeon (4/15)
 Temple: D:4-7

Altars:
Ashenzari

Annotations:
D:4 Menkaure


Innate Abilities, Weirdness & Mutations

You are under a permanent stasis effect.
You can dig through walls and to a lower floor.
Your four strong arms can wield two-handed weapons with a shield.
You have a pair of large antennae on your head. (SInv)


Message History

You slash Menkaure!
Menkaure is moderately damaged.
You closely miss Menkaure.
Menkaure is moderately damaged.
Menkaure hits you!
You hit Menkaure but do no damage.
Menkaure is moderately damaged.
Menkaure hits you! You block the quokka's attack.
You hit Menkaure but do no damage.
Menkaure is moderately damaged.
You miss the quokka. You block Menkaure's attack. The quokka bites you.
You hit Menkaure but do no damage.
Menkaure is moderately damaged.
You closely miss the quokka. You block the quokka's attack. Menkaure hits you!
* * * LOW HITPOINT WARNING * * *
You block the quokka's attack.
You are too injured to fight recklessly!
You feel very mighty all of a sudden. Menkaure hits you!
You die...

##. .. #.#
## .. ...
#. ...(
#.###.....
#.rM..#
#.@#
#...##
...?...
.....#.
.#####. ..
.. ..


You could see Menkaure and a quokka.

Vanquished Creatures
  The ghost of TheGoonsmith the Sneak, an amateur SpEn (D:3)
  An orc priest (D:3)
  3 orc wizards (D:3)
  Jessica (D:3)
  Natasha (twice) (D:2)
  7 adders
  A worm (D:2)
  3 dart slugs
  10 orcs (D:3)
  2 giant cockroaches
  4 goblins
  9 hobgoblins
  9 kobolds
  A ball python (D:3)
  7 bats
  6 giant newts
  12 rats
79 creatures vanquished.

Notes
Turn   | Place    | Note
--------------------------------------------------------------
     0 | D:1      | TheGoonsmith the Formicid Fighter began the quest for the Orb.
     0 | D:1      | Reached XP level 1. HP: 18/18 MP: 1/1
   218 | D:1      | Reached XP level 2. HP: 10/24 MP: 2/2
   890 | D:1      | Reached XP level 3. HP: 29/29 MP: 3/3
  1211 | D:2      | Noticed Natasha
  1215 | D:2      | Killed Natasha
  1215 | D:2      | Reached XP level 4. HP: 30/35 MP: 4/4
  1235 | D:2      | Found a shattered altar of Ashenzari.
  1614 | D:2      | Noticed Natasha
  1634 | D:2      | Killed Natasha
  1634 | D:2      | Reached XP level 5. HP: 15/41 MP: 5/5
  2009 | D:3      | Noticed TheGoonsmith's ghost (amateur SpEn)
  2129 | D:3      | Killed TheGoonsmith's ghost
  2129 | D:3      | Reached skill level 5 in Shields
  2173 | D:3      | Noticed Jessica
  2180 | D:3      | Killed Jessica
  2180 | D:3      | Reached XP level 6. HP: 34/47 MP: 6/6
  2359 | D:3      | Reached skill level 5 in Axes
  2584 | D:3      | Reached XP level 7. HP: 49/52 MP: 7/7
  2901 | D:4      | Noticed Menkaure
  2907 | D:4      | Slain by Menkaure

Vault maps used:
D:1:      dpeg_arrival_round_b
D:2:      evilmike_ruin_ashenzari, uniq_natasha
D:3:      first_bread, uniq_jessica
D:4:      nicolae_ossuary_entry_giza, tgw_trog, uniq_menkaure

Skill      XL: |  1  2  3  4  5  6 |
---------------+-------------------+-----
Shields        | 4 5 |  5.9
Axes           | 3 4 5 |  5.8
Fighting       | |  3.2
Armour         | |  3.2

Action                   |  1- 3 |  4- 6 |  7- 9 || total
-------------------------+-------+-------+-------++-------
Melee: War axe           |    79 |   279 |    28 ||   386
  Use: Potion            |       |     1 |     1 ||     2
  Eat: Chunk             |       |     6 |     1 ||     7
Armor: Scale mail        |     9 |       |       ||     9
       Plate armour      |    30 |   144 |    18 ||   192
Dodge: Dodged            |    13 |    36 |     1 ||    50
Block: Shield            |    47 |   137 |    12 ||   196
